 Dungeon Crawl Stone Soup version 0.17-a0-1763-g847a857 (webtiles) character file.

53 Nuggy the Grasshopper (level 3, 0/19 HPs)
             Began as a Spriggan Warper on Sept 5, 2015.
             Killed from afar by an orc (7 damage)
             ... with a wand of flame
             ... on level 3 of the Dungeon.
             The game lasted 00:02:29 (1596 turns).

Nuggy the Grasshopper (Spriggan Warper)             Turns: 1596, Time: 00:02:29

Health: 0/19       AC:  3    Str:  7    XL:     3   Next: 64%
Magic:  8/8        EV: 18    Int: 14    God:
Gold:   109        SH:  0    Dex: 16    Spells: 1 memorised, 6 levels left

rFire  . . .     SeeInvis +     a - +0 short sword
rCold  . . .     Clarity  .     b - +1 robe
rNeg   . . .     SustAt   .     (shield restricted)
rPois  .         Gourm    .     (helmet restricted)
rElec  .         Spirit   .     (no cloak)
rCorr  .         Warding  .     (gloves unavailable)
rMut   .         Stasis   .     (boots unavailable)
MR     .....                    q - amulet of inaccuracy (curse)
Stlth  ++++......               (no ring)
                                l - ring of stealth

@: very quick, not resistant to hostile enchantments, stealthy
A: unfitting armour, see invisible, herbivore 3, speed 3, slow metabolism 2
a: no special abilities


You were on level 3 of the Dungeon.
You were not hungry.

You visited 1 branch of the dungeon, and saw 3 of its levels.

You collected 109 gold pieces.

Inventory:

Hand weapons
 a - a +0 short sword (weapon)
Missiles
 e - a tomahawk of dispersal (quivered)
Armour
 b - a +1 robe (worn)
Jewellery
 h - an uncursed amulet of resist corrosion {unknown}
 l - a ring of stealth (left hand)
 q - a cursed amulet of inaccuracy (around neck)
Scrolls
 d - a scroll of blinking
Potions
 g - a potion of flight {unknown}
 m - a potion of heal wounds
 n - a potion of curing {unknown}
Books
 c - a book of Spatial Translocations

   Spells                             Type                      Level
   a - Apportation                    Translocation                1
   b - Blink                          Translocation                2
   c - Shroud of Golubria             Charms/Translocation         2
   d - Portal Projectile              Translocation                3
   e - Teleport Other                 Translocation                3
   f - Passage of Golubria            Translocation                4
Comestibles
 f - 2 bread rations
 p - a royal jelly


   Skills:
 + Level 2.6 Fighting
 - Level 2.1 Short Blades
 - Level 1.1 Throwing
 - Level 3.5 Dodging
 + Level 3.6 Stealth
 - Level 2.6 Spellcasting
 - Level 4.4 Translocations


You had 6 spell levels left.
You knew the following spells:

 Your Spells              Type           Power        Failure   Level  Hunger
a - Apportation           Tloc           ##........   3%          1    #......


Dungeon Overview and Level Annotations

Branches:
Dungeon (3/15)

Altars:
Fedhas
Sif Muna


Innate Abilities, Weirdness & Mutations

You are tiny and cannot use many weapons and most armour.
You have supernaturally acute eyesight.
You are a herbivore.
You cover ground extremely quickly.
You need consume almost no food.


Message History

A rat is nearby!
A rat is nearby!
The rat barely misses you.
You hit the rat.
You kill the rat!
No target in view!
No target in view!
Found 19 stones.
Found a stone staircase leading down.
An orc comes into view. It is wielding a mace.
An orc is nearby!
The orc shouts!
The orc zaps a wand.
The puff of flame hits you!
Ouch! That really hurt!
It is a wand of flame.
Found a bread ration.
You hit the orc.
The orc is heavily wounded.
The orc zaps a wand.
The puff of flame hits you!
You die...

#.#####.#########**
#.#####..........,*
####........########,*
.......##....#####.#,*
.......##..........#,#
.......##....#####.#.#*******
.......''...........>,,.,,,,*
.......##)..######.#....,,,,*
.......##.......@o...%..,,,,*****
..#######....#####......,,,,,,,,,
..#######....#*****#####*********
......)....#.#,,,,,,,,,,,,,*,,,,,
.......#####.#,***********,*,****
.......# #.#.#..,,,# *,*,*
.......#####.#.#.#**.# *,*,*
.............#.#.###.# *,*,*
#............#....[..##***,*,*


You could see an orc.

Vanquished Creatures
  2 adders (D:3)
  A worm (D:2)
  A ball python (D:2)
  7 bats
  A giant cockroach (D:2)
  4 goblins (D:1)
  A hobgoblin (D:3)
  5 kobolds
  3 quokkas
  A giant newt (D:1)
  8 rats
34 creatures vanquished.

Notes
Turn   | Place    | Note
--------------------------------------------------------------
     0 | D:1      | Nuggy the Spriggan Warper began the quest for the Orb.
     0 | D:1      | Reached XP level 1. HP: 10/10 MP: 5/5
    66 | D:1      | Reached skill level 1 in Stealth
   516 | D:1      | Reached XP level 2. HP: 15/15 MP: 6/6
   868 | D:2      | Found a blossoming altar of Fedhas.
  1281 | D:3      | Reached XP level 3. HP: 19/19 MP: 8/8
  1301 | D:3      | Found a deep blue altar of Sif Muna.
  1596 | D:3      | Killed from afar by an orc

Vault maps used:
D:1:      scummos_arrival_simple_fountains, st_stairs_7
D:2:      fedhas_altar_1, first_bread, bloody_trog
D:3:      lemuel_crystal_altar

Action                   || total
-------------------------++-------
Melee: Short sword       ||   129
Throw: Tomahawk          ||     4
  Use: Scroll            ||     5
       Potion            ||     1
 Stab: Sleeping          ||     9
